[Event "Titled Tuesday Blitz July 13 2021"]
[White "Holt, Conrad"]
[Black "Sonis, Francesco"]
[WhiteFideId "2034387"]
[BlackFideId "895733"]
[WhiteElo "2586"]
[BlackElo "2373"]
[Result "1-0"]
[Round "06"]
[TimeControl "180+1"]
[Date "2021.07.13"]
[WhiteClock "0:00:06"]
[BlackClock "0:00:04"]

1. d4 d5 2. c4 c6 3. Nc3 Nf6 4. e3 a6 5. Bd3 Bg4 6. Nge2 e6 7. f3 Bh5 8. cxd5 cxd5 9. Nf4 Bg6 10. Nxg6 hxg6 11. f4 Nc6 12. Bd2 Bd6 13. Rc1 Nd7 14. Qg4 Nf6 15. Qg5 Nh5 16. Ke2 Rc8 17. Qxd8+ Kxd8 18. g4 Nf6 19. g5 Nd7 20. h4 Ke7 21. Kf3 Rc7 22. Kg4 Rhc8 23. h5 gxh5+ 24. Rxh5 f5+ 25. Kf3 Nb6 26. Be1 Na5 27. Rc2 Nac4 28. g6 Kf6 29. Rg2 Ke7 30. Rh7 Rg8 31. Bh4+ Kd7 32. Bf6 Kc8 33. Be5 Bxe5 34. fxe5 Nxb2 35. Rxb2 Rxc3 36. Rxb6 Rxd3 37. Rxe6 f4 38. Kxf4 Rf8+ 39. Kg4 Rxe3 40. Rxg7 Re4+ 41. Kg5 Rf2 42. Rf7 Rg2+ 43. Kh6 Kb8 44. Kg7 Ka7 45. Kf8 Reg4 46. g7 Rg1 47. Ref6 Rc1 48. e6 Rc8+ 49. Ke7 Rc7+ 50. Kd8 Rc6 51. e7 Rxg7 52. Rxg7 Rxf6 53. e8=Q Rd6+ 54. Rd7 Rb6 55. Qe7 a5 56. Qc5 Ka6 57. Rd6 Rxd6+ 58. Qxd6+ b6 59. Kc7 a4 60. Qxb6# 1-0


[Site "https://www.chess.com"]

[Event "Titled Tuesday Blitz July 13 2021"]
[White "Horak, Martin"]
[Black "Amburgy, Ryan"]
[WhiteFideId "367095"]
[BlackFideId "30924820"]
[WhiteElo "1997"]
[BlackElo "2066"]
[Result "0-1"]
[Round "06"]
[TimeControl "180+1"]
[Date "2021.07.13"]
[WhiteClock "0:00:22"]
[BlackClock "0:00:43"]

1. e4 c6 2. Nf3 d5 3. d3 Bg4 4. Nbd2 e6 5. h3 Bh5 6. g4 Bg6 7. Qe2 Nd7 8. Bg2 Qc7 9. Nh4 Be7 10. Nxg6 hxg6 11. Nf3 dxe4 12. dxe4 Ngf6 13. Bd2 O-O-O 14. O-O-O Kb8 15. Ng5 Rhf8 16. f4 Ka8 17. e5 Nd5 18. Ne4 Nc5 19. c4 Nb6 20. Be3 Nba4 21. b3 Nxe4 22. Bxe4 Nc3 23. Qc2 Ba3+ 0-1


[Site "https://www.chess.com"]

[Event "Titled Tuesday Blitz July 13 2021"]
[White "Hryshchenko, Kamila"]
[Black "Svane, Frederik"]
[WhiteFideId "14147491"]
[BlackFideId "12923044"]
[WhiteElo "1966"]
[BlackElo "2459"]
[Result "0-1"]
[Round "06"]
[TimeControl "180+1"]
[Date "2021.07.13"]
[WhiteClock "0:00:22"]
[BlackClock "0:00:08"]

1. e4 c5 2. Nf3 a6 3. d4 cxd4 4. Qxd4 Nc6 5. Qd3 d6 6. Nc3 Nf6 7. Be3 g6 8. Nd5 Nxd5 9. exd5 Ne5 10. Nxe5 dxe5 11. O-O-O Bg7 12. Qb3 O-O 13. h4 h5 14. Bb6 Qd6 15. Bd3 Bd7 16. Kb1 a5 17. a3 Rfc8 18. c4 e4 19. Bxe4 a4 20. c5 axb3 21. cxd6 exd6 22. Bd3 Ba4 23. Rhe1 Rc2 24. Re2 Rac8 25. Rde1 Rxe2 26. Rxe2 Bf6 27. g3 Kf8 28. Re4 Re8 29. Bc7 Rxe4 30. Bxe4 Ke7 31. f4 Kd7 32. Ba5 Bb5 33. Bc3 Ke7 34. Kc1 Bxc3 35. bxc3 Bc4 36. Kb2 Kd7 37. Bf3 Kc7 38. Be4 f5 39. Bf3 Kb6 40. Bd1 Kc5 41. Bxb3 Kxd5 42. Bc2 Kc5 43. Kc1 Bd5 44. Kd2 Be4 45. Bb3 Bd5 46. Ba4 b5 47. Bc2 Bc4 48. Ke3 Kd5 49. Bd1 Bf1 50. Bf3+ Kc4 51. Kd2 Kb3 52. Bd5+ Bc4 53. Bc6 Kxa3 54. Be8 d5 55. Bxg6 d4 56. cxd4 b4 57. Bxh5 b3 58. Bg6 Be6 59. d5 b2 60. dxe6 b1=Q 61. e7 Qb4+ 62. Kd3 Qd6+ 63. Kc4 Qxg6 64. Kd5 Kb4 65. h5 Qxh5 66. Ke6 Qe8 67. Kf6 Kc5 68. Ke6 Kc6 69. g4 fxg4 70. f5 Qd7+ 71. Kf6 Kd6 72. Kf7 Qxe7+ 73. Kg6 g3 74. f6 Qxf6+ 75. Kh7 g2 76. Kg8 g1=Q+ 77. Kh7 Qgg7# 0-1


[Site "https://www.chess.com"]

[Event "Titled Tuesday Blitz July 13 2021"]
[White "Ibrahimli, Murad"]
[Black "Pert, Richard G"]
[WhiteFideId "13410229"]
[BlackFideId "404748"]
[WhiteElo "2109"]
[BlackElo "2441"]
[Result "1-0"]
[Round "06"]
[TimeControl "180+1"]
[Date "2021.07.13"]
[WhiteClock "0:00:59"]
[BlackClock "0:00:04"]

1. d4 d5 2. c4 e6 3. Nc3 c5 4. e3 Nf6 5. Nf3 a6 6. b3 cxd4 7. exd4 Bb4 8. Bd2 O-O 9. a3 Be7 10. c5 Ne4 11. Bd3 f5 12. b4 Nc6 13. Ne2 Bd7 14. a4 Bf6 15. O-O Be8 16. b5 axb5 17. axb5 Rxa1 18. Qxa1 Nxd2 19. Nxd2 Ne7 20. Qa7 Qc8 21. c6 bxc6 22. b6 Bf7 23. Nb3 c5 24. Nxc5 Nc6 25. Qa4 e5 26. b7 Qc7 27. Bxf5 Nxd4 28. Nxd4 exd4 29. Ne6 Bxe6 30. Bxe6+ Kh8 31. Bxd5 Rd8 32. Be4 Qe5 33. Bd3 h6 34. g3 Qd5 35. Rb1 Rb8 36. Qa7 Be5 37. Qa6 Qf3 38. Qg6 Kg8 39. Qe6+ Kh8 40. Qxe5 Qxd3 41. Qxb8+ Kh7 42. Rf1 1-0


[Site "https://www.chess.com"]

[Event "Titled Tuesday Blitz July 13 2021"]
[White "Kavyev, Ruslan"]
[Black "Vyatkin, Dmitry"]
[WhiteFideId "34110981"]
[BlackFideId "4171900"]
[WhiteElo "2172"]
[BlackElo "2279"]
[Result "1-0"]
[Round "06"]
[TimeControl "180+1"]
[Date "2021.07.13"]
[WhiteClock "0:01:58"]
[BlackClock "0:00:55"]

1. e4 e6 2. d4 d5 3. Nc3 Nf6 4. Bg5 Be7 5. e5 Nfd7 6. h4 h6 7. Bxe7 Qxe7 8. f4 O-O 9. Nf3 c5 10. g4 f6 11. Qd2 cxd4 12. Nxd4 fxe5 13. fxe5 Nc6 14. O-O-O Nxd4 15. Qxd4 Qc5 16. Qd2 Nxe5 17. g5 Rf2 18. Be2 Nc4 19. Qe1 Qe3+ 20. Kb1 Rxe2 21. Qxe2 Qxe2 22. Nxe2 h5 23. Rhe1 Bd7 24. Nf4 Re8 25. Nxh5 Bc6 26. Nf4 e5 27. Nxd5 1-0


[Site "https://www.chess.com"]

[Event "Titled Tuesday Blitz July 13 2021"]
[White "Kim, Sergey"]
[Black "Jarovinsky, Alexey"]
[WhiteFideId "13700570"]
[BlackFideId "14115131"]
[WhiteElo "2491"]
[BlackElo "2446"]
[Result "0-1"]
[Round "06"]
[TimeControl "180+1"]
[Date "2021.07.13"]
[WhiteClock "0:00:25"]
[BlackClock "0:00:11"]

1. d4 Nc6 2. c4 e5 3. d5 Bb4+ 4. Nd2 Nce7 5. e4 Nf6 6. Bd3 O-O 7. Ne2 d6 8. O-O Bc5 9. Nb3 Bb6 10. Be3 Ng4 11. Bxb6 axb6 12. Ng3 Ng6 13. h3 Nh6 14. Nf5 Nxf5 15. exf5 Nf4 16. Be4 g6 17. Qg4 Qf6 18. g3 Nh5 19. Kh2 Bxf5 20. Bxf5 Qxf5 21. Qe2 Qg5 22. Nd2 f5 23. Nf3 Qf6 24. b4 e4 25. Nh4 Ra3 26. Ng2 Rfa8 27. c5 Qe5 28. Ne3 f4 29. Nc4 fxg3+ 30. Kg1 gxf2+ 31. Rxf2 Qxa1+ 32. Kh2 Rxa2 33. Qxe4 Rxf2+ 0-1


[Site "https://www.chess.com"]

[Event "Titled Tuesday Blitz July 13 2021"]
[White "Kononenko, Dmitry"]
[Black "Tong, Hai Anh"]
[WhiteFideId "14113538"]
[BlackFideId "12412805"]
[WhiteElo "2289"]
[BlackElo "1467"]
[Result "1-0"]
[Round "06"]
[TimeControl "180+1"]
[Date "2021.07.13"]
[WhiteClock "0:01:28"]
[BlackClock "0:00:14"]

1. d4 c6 2. e4 d5 3. e5 Bf5 4. Nc3 e6 5. g4 Bg6 6. Nge2 Ne7 7. h4 h6 8. Nf4 Bh7 9. g5 Nf5 10. g6 Bxg6 11. Nxg6 fxg6 12. Qg4 Be7 13. Qxg6+ Kd7 14. Bh3 Nxd4 15. Be3 Nf3+ 16. Ke2 Nxh4 17. Bxe6+ Kc7 18. Qxg7 Nd7 19. Bf4 Bg5 20. Rxh4 Bxh4 21. Bxd7 Qe7 22. e6+ Kb6 23. Qd4+ c5 24. Nxd5+ 1-0


[Site "https://www.chess.com"]

[Event "Titled Tuesday Blitz July 13 2021"]
[White "Krivonosov, Oleg"]
[Black "Kubatko, Ivan"]
[WhiteFideId "11600349"]
[BlackFideId "24111473"]
[WhiteElo "2469"]
[BlackElo "2285"]
[Result "1/2-1/2"]
[Round "06"]
[TimeControl "180+1"]
[Date "2021.07.13"]
[WhiteClock "0:00:24"]
[BlackClock "0:00:05"]

1. Nf3 d5 2. d4 c5 3. c4 e6 4. cxd5 exd5 5. g3 Nc6 6. Bg2 Nf6 7. O-O Be7 8. Nc3 O-O 9. Bg5 c4 10. Ne5 Be6 11. Nxc6 bxc6 12. b3 Qa5 13. Qc2 Rfd8 14. Rfd1 Rac8 15. bxc4 dxc4 16. Ne4 Bf5 17. Bxf6 Bxe4 18. Bxe4 Bxf6 19. Bxh7+ Kh8 20. Bf5 Rb8 21. e3 c5 22. Be4 cxd4 23. exd4 Bxd4 24. Rab1 Rxb1 25. Rxb1 Qc5 26. Kg2 f5 27. Bf3 c3 28. a4 Bxf2 29. Rb5 Rd2 30. Qxd2 cxd2 31. Rxc5 Bxc5 32. Bd1 g6 33. Kf3 Kg7 34. Bc2 Kf6 35. g4 fxg4+ 36. Kxg4 g5 37. h3 Be3 38. Kf3 Bf4 39. h4 Bd6 40. h5 Bb4 41. Kg4 Bd6 42. h6 Bf4 43. h7 Kg7 44. Kh5 a5 45. Kg4 d1=Q+ 46. Bxd1 Kxh7 47. Be2 Kg7 48. Bb5 Kf6 49. Be8 Ke5 50. Bb5 Kd4 51. Be8 Kc3 52. Bb5 Kb4 53. Be8 Kc3 1/2-1/2


[Site "https://www.chess.com"]

[Event "Titled Tuesday Blitz July 13 2021"]
[White "Lazavik, Denis"]
[Black "Maiorov, Nikita"]
[WhiteFideId "13515110"]
[BlackFideId "13501720"]
[WhiteElo "2436"]
[BlackElo "2440"]
[Result "0-1"]
[Round "06"]
[TimeControl "180+1"]
[Date "2021.07.13"]
[WhiteClock "0:00:02"]
[BlackClock "0:00:07"]

1. d4 Nf6 2. c4 e6 3. Nf3 b6 4. g3 Bb7 5. Bg2 Be7 6. O-O O-O 7. Re1 Qc8 8. Nc3 Ne4 9. Bd2 Nxd2 10. Qxd2 d6 11. e4 Nd7 12. h4 g6 13. Bh3 Bf6 14. Kg2 Bg7 15. Rh1 h5 16. Ng5 Qe8 17. f3 Qe7 18. Rad1 Bh6 19. d5 e5 20. Qe2 Rad8 21. f4 a5 22. Rdf1 Nc5 23. Kh2 exf4 24. gxf4 Rde8 25. Bg2 f6 26. Nh3 f5 27. e5 dxe5 28. d6 cxd6 29. Bxb7 Qxb7 30. Rhg1 Kh7 31. Nd5 e4 32. Rg3 Re6 33. Rfg1 Qf7 34. Ng5+ Bxg5 35. Rxg5 Nd7 36. Ne3 Rf6 37. Rd1 Nc5 38. Rd5 Nd3 39. Qf1 Nb4 40. Rd2 Nxa2 41. Nd5 Nb4 42. Nxf6+ Qxf6 43. Rdg2 Rg8 44. Qe2 Rg7 45. Qe3 d5 46. cxd5 Nxd5 47. Qg3 Nc7 48. Rd2 Ne6 49. Rd6 Qe7 50. Rxb6 Nxg5 51. hxg5 e3 52. Qe1 Qe4 53. Kg3 h4+ 54. Kxh4 Qxf4+ 55. Kh3 Qg4+ 56. Kh2 Qh5+ 57. Kg1 Qxg5+ 58. Kf1 Qf4+ 59. Kg2 Qg4+ 60. Kh2 Rc7 61. Rd6 Rc2+ 0-1


[Site "https://www.chess.com"]

[Event "Titled Tuesday Blitz July 13 2021"]
[White "Madaminov, Mukhiddin"]
[Black "Shahade, Gregory"]
[WhiteFideId "14210703"]
[BlackFideId "2009064"]
[WhiteElo "1747"]
[BlackElo "2721"]
[Result "1-0"]
[Round "06"]
[TimeControl "180+1"]
[Date "2021.07.13"]
[WhiteClock "0:01:31"]
[BlackClock "0:00:06"]

1. e4 e5 2. Nf3 Nc6 3. Bb5 a6 4. Ba4 Nf6 5. d3 b5 6. Bb3 Bc5 7. c3 d6 8. O-O h6 9. h3 O-O 10. Re1 Bb6 11. a4 Rb8 12. Nbd2 Re8 13. axb5 axb5 14. Nf1 Be6 15. Be3 d5 16. Bxb6 Rxb6 17. exd5 Bxd5 18. Bxd5 Nxd5 19. Ng3 b4 20. c4 Nf4 21. d4 exd4 22. Rxe8+ Qxe8 23. Nxd4 Ne5 24. Qe1 Rd6 25. Qe4 Nfg6 26. f4 Qd7 27. Ngf5 Nc6 28. Nxd6 Nxd4 29. Qxd4 cxd6 30. c5 d5 31. Rc1 Qc6 32. Qxb4 Ne7 33. Qb8+ Kh7 34. Qd6 Qb7 35. Qb6 Qc8 36. c6 Qe6 37. Qb3 Nxc6 38. Qc2+ 1-0


[Site "https://www.chess.com"]

[Event "Titled Tuesday Blitz July 13 2021"]
[White "Manukian, Artak"]
[Black "Dushyant Sharma"]
[WhiteFideId "13301373"]
[BlackFideId "25065130"]
[WhiteElo "2374"]
[BlackElo "2019"]
[Result "0-1"]
[Round "06"]
[TimeControl "180+1"]
[Date "2021.07.13"]
[WhiteClock "0:00:16"]
[BlackClock "0:00:24"]

1. e4 d5 2. exd5 Nf6 3. Nc3 Bg4 4. f3 Bf5 5. Bb5+ c6 6. dxc6 Nxc6 7. Nge2 e5 8. d3 Bc5 9. Ng3 Bg6 10. Qe2 O-O 11. Bxc6 bxc6 12. Be3 Qb6 13. Bxc5 Qxc5 14. Qf2 Qb4 15. Rb1 Nd5 16. Qd2 Qd4 17. Nxd5 cxd5 18. Qf2 Qb4+ 19. Kf1 Rac8 20. h4 h5 21. b3 Rc7 22. Qe1 Qf4 23. Ne2 Qf6 24. Rc1 Rfc8 25. Qd2 e4 26. Kf2 exd3 27. cxd3 Rxc1 28. Nxc1 Qd4+ 29. Qe3 Rc2+ 30. Ne2 Qxd3 31. Qxd3 Bxd3 32. Re1 Rxa2 33. Ke3 Bxe2 34. Rxe2 Rxe2+ 35. Kxe2 Kf8 36. Kd3 Ke7 37. Kd4 Kd6 38. b4 a6 39. g4 g6 40. g5 Kc6 41. Ke5 Kb5 42. Kf6 d4 43. Kxf7 d3 44. Kxg6 d2 45. Kh7 d1=Q 46. g6 Qxf3 47. g7 Qf5+ 48. Kh8 Qf6 49. Kh7 Qf5+ 50. Kh8 Qe5 51. Kh7 Qe7 52. Kh8 Qe8+ 53. g8=Q Qxg8+ 54. Kxg8 Kxb4 55. Kh7 a5 56. Kg6 a4 57. Kxh5 a3 58. Kg6 a2 59. h5 a1=Q 60. h6 Qh8 61. h7 Kc5 0-1


[Site "https://www.chess.com"]

[Event "Titled Tuesday Blitz July 13 2021"]
[White "McDonald, Mike"]
[Black "Novikov, Evgenij"]
[WhiteFideId "2635682"]
[BlackFideId "4125380"]
[WhiteElo "2391"]
[BlackElo "2242"]
[Result "1-0"]
[Round "06"]
[TimeControl "180+1"]
[Date "2021.07.13"]
[WhiteClock "0:00:06"]
[BlackClock "0:00:03"]

1. e4 c5 2. c3 g6 3. d4 cxd4 4. cxd4 d5 5. e5 Nc6 6. Nc3 Bf5 7. g4 Be6 8. Bg2 h5 9. g5 f6 10. Qd3 fxe5 11. Nxd5 Nxd4 12. Ne3 Kf7 13. Bxb7 Nf3+ 14. Ke2 Qxd3+ 15. Kxd3 Nxg1 16. Bxa8 Nh3 17. Nc4 Nxf2+ 18. Kc3 Bxc4 19. Re1 Ba6 20. Rxe5 Bg7 21. Bd5+ e6 22. Bxe6+ Ke7 23. Bf4 Bxe5+ 24. Bxe5 Kxe6 25. Bxh8 Ne4+ 26. Kd4 Nxg5 27. Re1+ Kf5 28. Re5+ Kf4 29. Re8 Nh6 30. Be5+ Kg4 31. Ra8 Nf5+ 32. Kc3 Ne4+ 33. Kb4 Bb7 34. Rxa7 Bd5 35. a4 h4 36. a5 g5 37. a6 Ne3 38. Rd7 Be6 39. Rd8 h3 40. a7 Nd5+ 41. Ka5 Ne7 42. a8=Q Bf5 43. Rd4 Ng6 44. Rxe4+ Bxe4 45. Qxe4+ Kh5 46. Qf5 Kh4 47. Bf6 Nf4 48. Qxg5# 1-0


[Site "https://www.chess.com"]

[Event "Titled Tuesday Blitz July 13 2021"]
[White "Mikaelyan, Arman"]
[Black "Tikhonov, Viacheslav"]
[WhiteFideId "13304852"]
[BlackFideId "44196407"]
[WhiteElo "2461"]
[BlackElo "1773"]
[Result "1-0"]
[Round "06"]
[TimeControl "180+1"]
[Date "2021.07.13"]
[WhiteClock "0:01:02"]
[BlackClock "0:00:09"]

1. Nf3 Nf6 2. c4 c5 3. b3 g6 4. Bb2 Bg7 5. g3 O-O 6. Bg2 d5 7. cxd5 Nxd5 8. Bxg7 Kxg7 9. O-O Nc6 10. d4 cxd4 11. Nxd4 Nxd4 12. Qxd4+ Nf6 13. Qe5 Re8 14. Nc3 Qb6 15. Rac1 Be6 16. Na4 Qb4 17. Nc5 Bc8 18. Na6 Qa3 19. Nc7 Be6 20. Bxb7 Rab8 21. Nxe8+ Rxe8 22. Rc2 a5 23. Qc5 Qb4 24. Qxb4 axb4 25. Rfc1 Rb8 26. Rc7 Nd5 27. Bxd5 Bxd5 28. Rxe7 Kf6 29. Rd7 Be6 30. Rd4 Ra8 31. Rc2 Rb8 32. f3 Rb5 33. Kf2 h5 34. h4 Rb6 35. Rf4+ Kg7 36. Rd2 Ra6 37. Rxb4 Kf6 38. a4 Rc6 39. Rb5 Rc3 40. a5 Bxb3 41. Rd3 Bc4 42. Rb6+ Be6 43. Rxc3 Kg7 44. Rxe6 fxe6 45. a6 g5 46. a7 gxh4 47. a8=Q hxg3+ 48. Kxg3 Kg6 49. Kh4 Kf5 50. Qe4+ Kf6 51. Rc6 Kg7 52. Kg5 h4 53. Qxe6 h3 54. Rc7+ Kf8 55. Qc8# 1-0


[Site "https://www.chess.com"]

[Event "Titled Tuesday Blitz July 13 2021"]
[White "Mirzoev, Azer"]
[Black "Kotepalli, Sai Nirupama"]
[WhiteFideId "13400304"]
[BlackFideId "5039444"]
[WhiteElo "2525"]
[BlackElo "2455"]
[Result "1-0"]
[Round "06"]
[TimeControl "180+1"]
[Date "2021.07.13"]
[WhiteClock "0:00:25"]
[BlackClock "0:00:02"]

1. d4 g6 2. Nf3 Bg7 3. e4 e6 4. c3 Ne7 5. Bd3 d5 6. Nbd2 O-O 7. e5 c5 8. O-O cxd4 9. cxd4 Nbc6 10. Re1 f6 11. exf6 Bxf6 12. Nb3 Qb6 13. Bh6 Bg7 14. Bxg7 Kxg7 15. Qd2 Nf5 16. Bxf5 Rxf5 17. Qe3 Rf6 18. Rac1 Bd7 19. Nc5 Rd8 20. a3 Na5 21. b3 Bc8 22. Ne5 Nc6 23. Ng4 Rf5 24. b4 Re8 25. Ne5 Nxe5 26. dxe5 Qd8 27. Nb3 b6 28. Nd4 Rff8 29. Rc6 Bd7 30. Rd6 Qe7 31. h4 h5 32. Qg5 Qxg5 33. hxg5 Rf7 34. f3 Bc8 35. Rc1 h4 36. Kf2 Rfe7 37. Ke3 Rf7 38. b5 Rfe7 39. a4 Bb7 40. Rh1 Rc8 41. Rxh4 Rc3+ 42. Kf2 Rc4 43. Kg3 Bc8 44. Rd8 Bd7 45. Rf4 Bc8 46. Nc6 Bd7 1-0


[Site "https://www.chess.com"]

[Event "Titled Tuesday Blitz July 13 2021"]
[White "Miszler, Levente"]
[Black "Kolb, Tobias"]
[WhiteFideId "763276"]
[BlackFideId "12992321"]
[WhiteElo "1967"]
[BlackElo "2110"]
[Result "0-1"]
[Round "06"]
[TimeControl "180+1"]
[Date "2021.07.13"]
[WhiteClock "0:00:02"]
[BlackClock "0:00:09"]

1. Nf3 d5 2. c4 c6 3. d4 e6 4. Nc3 dxc4 5. e3 b5 6. Ne5 Bb7 7. Qf3 Qf6 8. Qe4 Qf5 9. a4 a6 10. Qxf5 exf5 11. Be2 Bd6 12. f4 Ne7 13. Bf3 f6 14. axb5 fxe5 15. fxe5 Bb4 16. bxc6 Bxc6 17. Bd2 O-O 18. Ke2 Bxf3+ 19. gxf3 Nbc6 20. Na4 Bxd2 21. Kxd2 f4 22. Rhc1 fxe3+ 23. Kxe3 Nd5+ 24. Ke4 Nce7 25. Rxc4 Rf4+ 26. Kd3 Rxf3+ 27. Ke2 Raf8 28. Re1 Rf2+ 29. Kd1 Rxh2 30. Re2 Rf1+ 31. Kd2 Rhh1 32. Nc3 Nf4 33. Re4 Rf2+ 34. Ke3 Rhf1 35. d5 Nexd5+ 36. Kd4 Rd2+ 37. Kc5 Nxc3 38. bxc3 Ne6+ 39. Kb6 h6 40. Kxa6 Rd5 41. Kb6 Rc1 42. Rc6 Ng5 43. Re3 Rb1+ 44. Kc7 Ra1 45. e6 Ra7+ 46. Kb6 Re7 47. c4 Rf5 48. c5 Rf6 49. Rc7 Rfxe6+ 50. Rxe6 Rxe6+ 51. c6 Ne4 52. Rc8+ Kh7 53. Rd8 h5 54. Kb7 Nc5+ 55. Kb6 Ne4 56. Kb7 Nd6+ 57. Kb6 Ne8 58. Kc5 h4 59. Kd5 Nc7+ 60. Kc5 h3 61. Rd3 Rh6 62. Rd7 h2 63. Rxc7 h1=Q 64. Kb6 Qb1+ 0-1


[Site "https://www.chess.com"]

[Event "Titled Tuesday Blitz July 13 2021"]
[White "Mortazavi, Ali"]
[Black "Seo, Jung Min"]
[WhiteFideId "401323"]
[BlackFideId "1734687"]
[WhiteElo "2339"]
[BlackElo "2486"]
[Result "1-0"]
[Round "06"]
[TimeControl "180+1"]
[Date "2021.07.13"]
[WhiteClock "0:00:17"]
[BlackClock "0:01:29"]

1. Nf3 Nf6 2. g3 g6 3. Bg2 Bg7 4. O-O O-O 5. d3 d5 6. Nbd2 c5 7. e3 Nc6 8. e4 d4 9. h3 e5 10. Nc4 Ne8 11. a4 Rb8 12. Nh2 Be6 13. f4 Qd7 14. Ng4 exf4 15. gxf4 Bxc4 16. dxc4 Nd6 17. e5 Nxc4 18. Qd3 Nb6 19. Qg3 Rbe8 20. f5 Bxe5 21. Qh4 f6 22. fxg6 hxg6 23. Nxf6+ Rxf6 24. Rxf6 Bxf6 25. Qxf6 Qf7 26. Qxf7+ Kxf7 27. a5 Nc4 28. a6 Re1+ 29. Kf2 Rd1 30. axb7 Nb8 31. Bf3 Rxc1 32. Rxc1 Nxb2 33. Ra1 d3 34. cxd3 Nxd3+ 35. Ke3 Ne5 36. Rxa7 Nc4+ 37. Kf4 Ke7 38. Ra8 Nd7 39. b8=Q 1-0


[Site "https://www.chess.com"]

[Event "Titled Tuesday Blitz July 13 2021"]
[White "Musovic, Armin"]
[Black "deribas12345"]
[WhiteFideId "939935"]
[WhiteElo "2250"]
[BlackElo "2517"]
[Result "1-0"]
[Round "06"]
[TimeControl "180+1"]
[Date "2021.07.13"]
[WhiteClock "0:00:20"]
[BlackClock "0:00:12"]

1. a3 c5 2. Nc3 g6 3. e4 Bg7 4. Bc4 e6 5. Ba2 Ne7 6. d3 Nbc6 7. Nge2 O-O 8. Bg5 f6 9. Bh4 g5 10. Bg3 f5 11. h4 f4 12. hxg5 Ng6 13. Nxf4 Nxf4 14. Bxf4 Rxf4 15. Qh5 Nd4 16. Qxh7+ Kf8 17. O-O-O Qxg5 18. Kb1 d6 19. g3 Rf6 20. f4 Qg6 21. Qh3 Bd7 22. Rdf1 Ke7 23. g4 Rh8 24. Qg3 Rxh1 25. Rxh1 b5 26. Bxe6 Bxe6 27. f5 Qg5 28. e5 Rxf5 29. exd6+ Kd7 30. Ne4 Ne2 31. gxf5 Nxg3 32. fxe6+ Kc6 33. Nxg5 Nxh1 34. e7 Kd7 35. Ne6 Bf6 36. Nxc5+ Ke8 37. Ne6 Bxe7 38. dxe7 Kxe7 39. Nc7 b4 40. axb4 Nf2 41. Nb5 a6 42. Nc7 Kd7 43. Nxa6 Kc6 44. c3 Nxd3 45. Kc2 Ne5 46. Kb3 Nd3 47. Nc5 Nc1+ 48. Kc4 Ne2 49. b5+ Kb6 50. b4 Nf4 51. Na4+ Ka7 52. Kb3 Ne2 53. c4 Nd4+ 54. Kc3 Ne2+ 55. Kd3 Nf4+ 56. Ke4 Ng6 57. c5 Kb8 58. Nc3 Ne7 59. Nd5 Ng8 60. Ke5 Nh6 61. c6 Nf7+ 62. Ke6 Ng5+ 63. Kd7 Ne4 64. c7+ Ka7 65. Kc6 Nf6 66. c8=Q Nd7 67. Qb7# 1-0


[Site "https://www.chess.com"]

[Event "Titled Tuesday Blitz July 13 2021"]
[White "Nabaty, Tamir"]
[Black "Rustemov, Alexander"]
[WhiteFideId "2809052"]
[BlackFideId "4119002"]
[WhiteElo "2627"]
[BlackElo "2782"]
[Result "1-0"]
[Round "06"]
[TimeControl "180+1"]
[Date "2021.07.13"]
[WhiteClock "0:01:50"]
[BlackClock "0:01:05"]

1. Nf3 d5 2. b3 Nf6 3. Bb2 c6 4. e3 Bf5 5. Be2 h6 6. O-O e6 7. d4 Nbd7 8. c4 Bd6 9. Nc3 O-O 10. a3 a5 11. Bd3 Bxd3 12. Qxd3 Re8 13. e4 dxe4 14. Nxe4 Nxe4 15. Qxe4 Qc7 16. Rfe1 Rad8 17. g3 Nf8 18. Rad1 Be7 19. h4 Bf6 20. Qc2 Re7 21. Ne5 Bxe5 22. Rxe5 Ng6 23. Ree1 Red7 24. Qc3 e5 25. Qe3 exd4 26. Rxd4 Nf8 27. Rg4 Ne6 28. Qxh6 1-0


[Site "https://www.chess.com"]

[Event "Titled Tuesday Blitz July 13 2021"]
[White "Nakamura, Hikaru"]
[Black "Chigaev, Maksim"]
[WhiteFideId "2016192"]
[BlackFideId "4108116"]
[WhiteElo "2900"]
[BlackElo "2646"]
[Result "1-0"]
[Round "06"]
[TimeControl "180+1"]
[Date "2021.07.13"]
[WhiteClock "0:00:13"]
[BlackClock "0:00:05"]

1. Nf3 Nf6 2. b3 g6 3. d4 Bg7 4. Bb2 b6 5. e3 Bb7 6. g3 O-O 7. Bg2 c5 8. O-O Na6 9. c4 d5 10. Nbd2 Rc8 11. Qe2 e6 12. Rac1 Qe7 13. a3 Rfd8 14. Rfd1 dxc4 15. Nxc4 cxd4 16. exd4 Nd5 17. Nce5 Nb8 18. h4 h6 19. Nd2 Nd7 20. Ndc4 N7f6 21. a4 Qe8 22. Ba3 Bf8 23. Bxf8 Qxf8 24. Rc2 Rc7 25. Ne3 Rxc2 26. Qxc2 Rc8 27. Qd2 h5 28. N3c4 Rc7 29. Re1 Qb4 30. Qd1 Nc3 31. Qc2 Bxg2 32. Kxg2 Ncd5 33. Rc1 Kg7 34. Qb1 a6 35. Nd3 Qe7 36. Nce5 Qd8 37. Rc4 Qa8 38. Kg1 b5 39. Rxc7 Nxc7 40. Nxf7 Qe4 41. Ng5 Qxd4 42. Nf4 1-0


[Site "https://www.chess.com"]

[Event "Titled Tuesday Blitz July 13 2021"]
[White "Nasyrova, Ekaterina"]
[Black "Matinian, Nikita"]
[WhiteFideId "44157797"]
[BlackFideId "24129100"]
[WhiteElo "2115"]
[BlackElo "2410"]
[Result "0-1"]
[Round "06"]
[TimeControl "180+1"]
[Date "2021.07.13"]
[WhiteClock "0:00:02"]
[BlackClock "0:00:58"]

1. d4 d6 2. Nf3 g6 3. c4 Bg7 4. Nc3 Nc6 5. g3 h5 6. Bg2 h4 7. Bg5 h3 8. Bf1 Nh6 9. d5 Na5 10. Qd3 c5 11. e4 a6 12. Nd2 Ng4 13. f4 Bd4 14. Nd1 f6 15. Bh4 b5 16. Be2 bxc4 17. Qc2 Rb8 18. Nxc4 Nxc4 19. Bxc4 Qa5+ 20. Ke2 Ne3 21. Nxe3 Rxb2 22. Qxb2 Bxb2 23. Rab1 Bd4 24. Rb8 Kf7 25. Rhb1 Bxe3 26. Kxe3 Qc3+ 27. Bd3 c4 28. Rd1 cxd3 29. Rxd3 Qe1+ 30. Kd4 Qg1+ 31. Kc4 Qxh2 32. e5 Qxa2+ 0-1


[Site "https://www.chess.com"]

[Event "Titled Tuesday Blitz July 13 2021"]
[White "Nguyen, Hong Ngoc"]
[Black "Ozates, Tuna"]
[WhiteFideId "12403083"]
[BlackFideId "6354521"]
[WhiteElo "1830"]
[BlackElo "1872"]
[Result "0-1"]
[Round "06"]
[TimeControl "180+1"]
[Date "2021.07.13"]
[WhiteClock "0:00:03"]
[BlackClock "0:00:20"]

1. e4 e6 2. d4 d5 3. Nc3 Nf6 4. Bg5 Be7 5. e5 Nfd7 6. h4 O-O 7. Qg4 f5 8. exf6 Nxf6 9. Qe2 c5 10. dxc5 Bxc5 11. O-O-O Qa5 12. Nf3 Ng4 13. Be3 Nxe3 14. fxe3 Nc6 15. Nd4 Bb4 16. Nb3 Qc7 17. Nb5 Qe5 18. a3 Be7 19. N5d4 Bd7 20. Nf3 Qf6 21. Qd3 h6 22. Be2 Be8 23. h5 Rc8 24. Rdf1 Ne5 25. Nxe5 Qxe5 26. Rxf8+ Bxf8 27. Qd4 Bd6 28. Qxe5 Bxe5 29. c3 Bf6 30. Kd2 e5 31. Bf3 Bf7 32. Nc1 b5 33. Be2 a6 34. Bd3 d4 35. exd4 exd4 36. Ne2 dxc3+ 37. Nxc3 Rc5 38. Ne4 Rxh5 39. Rxh5 Bxh5 40. b3 Bd4 41. Nd6 Bc5 42. Ne4 Bxa3 43. Kc3 Be7 44. b4 Bf7 45. Nd2 g5 46. Nf3 Bd5 47. Ne5 Bf6 48. Kd4 Bxg2 49. Bf5 h5 50. Bc8 h4 51. Bxa6 h3 52. Bxb5 h2 53. Bc4+ Kg7 54. Ke3 Bxe5 0-1


[Site "https://www.chess.com"]

[Event "Titled Tuesday Blitz July 13 2021"]
[White "Nguyen Hong Nhung"]
[Black "Wernberg, Hugo"]
[WhiteFideId "12412201"]
[BlackFideId "1737511"]
[WhiteElo "1661"]
[BlackElo "1940"]
[Result "1-0"]
[Round "06"]
[TimeControl "180+1"]
[Date "2021.07.13"]
[WhiteClock "0:00:24"]
[BlackClock "0:00:02"]

1. e4 e5 2. Nf3 Nc6 3. d4 exd4 4. Nxd4 Nf6 5. Nc3 Bb4 6. Nxc6 bxc6 7. Bd3 d5 8. exd5 O-O 9. O-O cxd5 10. h3 c6 11. Qf3 Bd6 12. Ne2 h6 13. b3 Be5 14. Rb1 a5 15. Bf4 Bxf4 16. Nxf4 Ba6 17. Rfe1 Bxd3 18. Nxd3 Qd6 19. Rbd1 a4 20. Ne5 axb3 21. axb3 Ne4 22. Rxe4 dxe4 23. Rxd6 exf3 24. Rxc6 Ra1+ 25. Kh2 fxg2 26. Kxg2 Re8 27. Rc5 f6 28. Nf3 g5 29. Nd4 Kf7 30. c3 Kg6 31. b4 h5 32. b5 h4 33. Rc6 Ree1 34. Nf3 Rec1 35. c4 Rab1 36. b6 Rb4 37. Ne5+ Kf5 38. Nd3 Rcxc4 39. Rxc4 Rxb6 40. Rc8 Rb3 41. Nc5 Rc3 42. Rc7 Ra3 43. Rf7 Kg6 44. Rf8 Kg7 45. Ne6+ Kg6 46. Nd4 Kg7 47. Re8 Kg6 48. Re6 Rd3 49. Nf3 Kf5 50. Ra6 g4 51. Ra5+ Kg6 52. Nxh4+ Kg7 53. hxg4 Rb3 54. f3 Rb4 55. Nf5+ Kg6 56. Kg3 Kf7 57. Ra7+ Ke6 58. Re7+ Kd5 59. Rf7 Ke6 60. Rf8 Rb7 61. Re8+ Kd5 62. f4 Rb3+ 63. Re3 Rb1 64. Kh4 Rh1+ 65. Rh3 Rg1 66. Kh5 Ke4 67. Ng3+ Kxf4 68. Ne2+ Ke5 69. Nxg1 Ke6 70. Kg6 1-0


[Site "https://www.chess.com"]